[ PARTIDA AOE2 · #495985484 ]
UnrankedShu vs Muisca
Equipo del jugador · DERR
Equipo rival · VICT
[ ANÁLISIS DE REPETICIÓN · EXTRAÍDO DE LA PARTIDA GRABADA ]
Feudal
10:33
Castillos
14:03
Imperial
—
| APM promedio | 53.8 |
| APM pico | 92 |
| eAPM promedio | 25.7 |
| Aldeanos / militares | 38 / 4 |
Foco
⚔️ 32.9% · 🌾 67.1%
Unknown (1962) ×13 · Battering Ram ×3 · Mangonel ×1
Feudal
10:18
Castillos
14:16
Imperial
—
| APM promedio | 78.2 |
| APM pico | 110 |
| eAPM promedio | 29.5 |
| Aldeanos / militares | 30 / 1 |
Foco
⚔️ 28.1% · 🌾 71.9%
Unknown (2562) ×18 · Mangonel ×1
Mapa de la partida
Recursos iniciales + cada clic de construcción. Líneas = muros · curvas = relieve. ◆ oro · ⬟ piedra · ● bayas · ✦ reliquia · ◌ hueco del cierre
Tu base· Abierta — flanco sin cerrar
Base de MzTm | Monito Monito· Abierta — flanco sin cerrar
Terreno inicial suavizado · ◌ = hueco del cierre detectado · pasá el cursor para detalles
Inputs por minuto
— Singapura_Routeline - - MzTm | Monito Monito
Build order — Singapura_Routeline
92 acciones detectadas en el replay
| 0:01 | Crear | Villager (Male) |
| 0:01 | Crear | Villager (Male) |
| 0:01 | Crear | Villager (Male) |
| 0:02 | Crear | Villager (Male) |
| 0:02 | Construir | House |
| 0:04 | Construir | House |
| 1:36 | Crear | Villager (Male) |
| 2:02 | Crear | Villager (Male) |
| 2:27 | Crear | Villager (Male) |
| 2:27 | Crear | Villager (Male) |
| 2:27 | Crear | Villager (Male) |
| 2:56 | Crear | Villager (Male) |
| 2:56 | Crear | Villager (Male) |
| 2:56 | Crear | Villager (Male) |
| 3:38 | Crear | Villager (Male) |
| 3:38 | Crear | Villager (Male) |
| 3:38 | Crear | Villager (Male) |
| 3:38 | Crear | Villager (Male) |
| 3:59 | Crear | Villager (Male) |
| 4:15 | Construir | House |
| 4:24 | Crear | Villager (Male) |
| 4:40 | Construir | Lumber Camp |
| 4:56 | Crear | Villager (Male) |
| 5:04 | Construir | House |
| 5:44 | Crear | Villager (Male) |
| 6:16 | Crear | Villager (Male) |
| 6:16 | Crear | Villager (Male) |
| 6:16 | Crear | Villager (Male) |
| 6:39 | Construir | Mill |
| 7:07 | Crear | Villager (Male) |
| 7:07 | Investigar | Loom |
| 7:45 | Construir | House |
| 7:52 | Construir | Palisade Wall |
| 7:57 | Investigar | Feudal Age |
| 8:21 | Construir | House |
| 8:22 | Construir | Palisade Wall |
| 8:23 | Construir | Palisade Wall |
| 8:57 | Construir | House |
| 9:13 | Crear | Villager (Male) |
| 9:14 | Crear | Villager (Male) |
| 10:24 | Construir | Palisade Wall |
| 10:33 | Edad | Edad Feudal |
| 10:42 | Construir | Market |
| 10:53 | Construir | Blacksmith |
| 11:23 | Investigar | Castle Age |
| 11:40 | Construir | Mining Camp |
| 12:00 | Investigar | Double-Bit Axe |
| 12:34 | Construir | Palisade Wall |
| 13:11 | Investigar | Gold Mining |
| 13:16 | Construir | Farm |
| 13:18 | Construir | Farm |
| 13:21 | Construir | Farm |
| 13:42 | Crear | Villager (Male) |
| 13:55 | Construir | Farm |
| 13:57 | Crear | Villager (Male) |
| 14:03 | Edad | Edad de los Castillos |
| 14:05 | Construir | Siege Workshop |
| 14:30 | Construir | House |
| 14:44 | Crear | Unit 1962 |
| 14:44 | Crear | Unit 1962 |
| 14:57 | Construir | Siege Workshop |
| 15:09 | Crear | Villager (Male) |
| 15:40 | Construir | Farm |
| 15:45 | Construir | Farm |
| 16:02 | Crear | Battering Ram |
| 16:17 | Crear | Villager (Male) |
| 16:23 | Construir | Farm |
| 16:52 | Construir | Mining Camp |
| 17:09 | Crear | Villager (Male) |
| 17:09 | Crear | Villager (Male) |
| 17:38 | Crear | Unit 1962 |
| 17:47 | Crear | Villager (Male) |
| 17:57 | Crear | Battering Ram |
| 17:57 | Crear | Battering Ram |
| 18:40 | Construir | Lumber Camp |
| 18:51 | Crear | Villager (Male) |
| 18:52 | Crear | Villager (Male) |
| 18:52 | Crear | Villager (Male) |
| 19:52 | Crear | Unit 1962 |
| 19:52 | Crear | Unit 1962 |
| 19:52 | Crear | Unit 1962 |
| 19:53 | Crear | Unit 1962 |
| 21:06 | Crear | Unit 1962 |
| 21:07 | Crear | Unit 1962 |
| 21:36 | Construir | Town Center |
| 21:58 | Crear | Mangonel |
| 22:58 | Crear | Villager (Male) |
| 23:12 | Crear | Unit 1962 |
| 24:04 | Crear | Villager (Male) |
| 24:13 | Crear | Unit 1962 |
| 24:29 | Crear | Unit 1962 |
| 25:13 | Crear | Unit 1962 |
Build order — MzTm | Monito Monito
95 acciones detectadas en el replay
| 0:05 | Crear | Villager (Male) |
| 0:05 | Crear | Villager (Male) |
| 0:05 | Crear | Villager (Male) |
| 0:05 | Crear | Villager (Male) |
| 0:06 | Crear | Villager (Male) |
| 0:06 | Crear | Villager (Male) |
| 0:07 | Construir | House |
| 0:08 | Construir | House |
| 1:29 | Construir | Settlement |
| 1:40 | Crear | Villager (Male) |
| 2:09 | Crear | Villager (Male) |
| 2:09 | Crear | Villager (Male) |
| 2:31 | Crear | Villager (Male) |
| 2:59 | Crear | Villager (Male) |
| 3:19 | Crear | Villager (Male) |
| 3:34 | Crear | Villager (Male) |
| 4:10 | Crear | Villager (Male) |
| 4:40 | Crear | Villager (Male) |
| 4:55 | Crear | Villager (Male) |
| 5:25 | Crear | Villager (Male) |
| 5:48 | Crear | Villager (Male) |
| 6:02 | Construir | Settlement |
| 6:15 | Crear | Villager (Male) |
| 6:38 | Crear | Villager (Male) |
| 6:48 | Crear | Villager (Male) |
| 7:17 | Investigar | Loom |
| 8:02 | Investigar | Feudal Age |
| 8:41 | Construir | Palisade Wall |
| 9:24 | Crear | Villager (Male) |
| 9:54 | Construir | Farm |
| 9:56 | Construir | Farm |
| 10:18 | Edad | Edad Feudal |
| 10:23 | Construir | Market |
| 10:24 | Construir | Blacksmith |
| 10:38 | Crear | Villager (Male) |
| 11:06 | Construir | Palisade Wall |
| 11:07 | Construir | Palisade Wall |
| 11:36 | Investigar | Castle Age |
| 11:36 | Investigar | Castle Age |
| 12:11 | Construir | Settlement |
| 12:18 | Construir | Palisade Wall |
| 12:20 | Construir | Palisade Wall |
| 12:58 | Construir | Settlement |
| 13:04 | Crear | Villager (Male) |
| 13:31 | Crear | Villager (Male) |
| 14:16 | Edad | Edad de los Castillos |
| 14:26 | Construir | Castle |
| 14:29 | Construir | House |
| 14:32 | Construir | Palisade Gate |
| 14:36 | Construir | House |
| 14:41 | Construir | House |
| 15:15 | Construir | Farm |
| 15:18 | Construir | Siege Workshop |
| 15:50 | Crear | Unit 2562 |
| 15:59 | Construir | Settlement |
| 16:08 | Construir | Settlement |
| 16:32 | Construir | Palisade Gate |
| 16:36 | Crear | Unit 2562 |
| 16:36 | Crear | Unit 2562 |
| 16:54 | Investigar | Fletching |
| 17:11 | Crear | Mangonel |
| 17:34 | Crear | Villager (Male) |
| 18:06 | Construir | Outpost |
| 18:49 | Crear | Unit 2562 |
| 19:03 | Investigar | Bodkin Arrow |
| 19:04 | Investigar | Bodkin Arrow |
| 19:04 | Investigar | Bodkin Arrow |
| 19:13 | Crear | Unit 2562 |
| 19:13 | Crear | Unit 2562 |
| 19:20 | Crear | Unit 2562 |
| 20:58 | Crear | Unit 2562 |
| 20:58 | Crear | Unit 2562 |
| 20:58 | Crear | Unit 2562 |
| 21:00 | Crear | Villager (Male) |
| 21:28 | Crear | Villager (Male) |
| 21:29 | Crear | Villager (Male) |
| 21:30 | Construir | Settlement |
| 22:50 | Crear | Unit 2562 |
| 22:50 | Crear | Unit 2562 |
| 22:50 | Crear | Unit 2562 |
| 23:06 | Crear | Unit 2562 |
| 23:07 | Crear | Unit 2562 |
| 23:27 | Crear | Unit 2562 |
| 23:27 | Crear | Unit 2562 |
| 23:27 | Crear | Unit 2562 |
| 23:30 | Construir | Outpost |
| 23:31 | Investigar | Town Watch |
| 24:11 | Construir | Farm |
| 24:12 | Construir | Farm |
| 24:12 | Construir | Farm |
| 24:12 | Construir | Farm |
| 24:12 | Construir | Farm |
| 24:13 | Construir | Farm |
| 24:34 | Construir | House |
| 25:36 | Crear | Villager (Male) |
Cronología de la partida
| 7:52 | Singapura_Routeline · wall_segment Palisade Wall x4 |
| 8:22 | Singapura_Routeline · wall_segment Palisade Wall x1 |
| 8:23 | Singapura_Routeline · wall_segment Palisade Wall x1 |
| 8:41 | MzTm | Monito Monito · wall_segment Palisade Wall x1 |
| 10:18 | MzTm | Monito Monito · age_up feudal |
| 10:24 | Singapura_Routeline · wall_segment Palisade Wall x1 |
| 10:33 | Singapura_Routeline · age_up feudal |
| 11:06 | MzTm | Monito Monito · wall_segment Palisade Wall x1 |
| 11:07 | MzTm | Monito Monito · wall_segment Palisade Wall x1 |
| 11:22 | Singapura_Routeline · first_market_sell 100 stone |
| 11:32 | MzTm | Monito Monito · first_market_sell 100 wood |
| 12:18 | MzTm | Monito Monito · wall_segment Palisade Wall x1 |
| 12:20 | MzTm | Monito Monito · wall_segment Palisade Wall x1 |
| 12:34 | Singapura_Routeline · wall_segment Palisade Wall x1 |
| 14:03 | Singapura_Routeline · age_up castle |
| 14:05 | Singapura_Routeline · first_building Siege Workshop |
| 14:16 | MzTm | Monito Monito · age_up castle |
| 14:26 | MzTm | Monito Monito · first_building Castle |
| 15:06 | Singapura_Routeline · first_market_buy 100 food |
| 15:18 | MzTm | Monito Monito · first_building Siege Workshop |
| 18:53 | MzTm | Monito Monito · first_market_buy 100 food |
| 25:40 | Singapura_Routeline · resign |
[ ANÁLISIS IA · 1 CRÉDITO ]
¿Qué pasó realmente en esta partida?
Wolo.gg analiza cada decisión: build order, eco, micro, errores típicos por bracket. Análisis personalizado por WhatsApp o Discord en 30 segundos.
Guía civ
Shu
Perfil
Singapura_Routeline